[Event "French Top 16-A 2024"]
[Site "Chartres"]
[Date "2024.06.01"]
[Round "1.14"]
[White "Hejazipour, Mitra"]
[Black "Peyrat, Olivier"]
[Result "1-0"]
[ECO "D45"]
[WhiteElo "2376"]
[BlackElo "2202"]
[Annotator "RC"]
[PlyCount "111"]
[EventDate "2024.06.01"]
[EventType "team-tourn"]
[EventCountry "FRA"]
[SourceTitle "playchess.com"]
[Source "ChessBase"]
[SourceQuality "1"]
[TimeControl "40/5400+30:1800+30"]

1. Nf3 d5 2. e3 Nf6 3. c4 c6 4. Nc3 e6 5. b3 Nbd7 6. Bb2 b6 7. Qc2 Bb7 8. d4 Bd6 9. Be2 Qe7 10. O-O O-O 11. e4 dxe4 12. Nxe4 Ba3 13. Bc3 c5 14. Nxf6+ Nxf6 15. dxc5 Bxc5 16. Ng5 g6 17. Rad1 Rfd8 18. Qb2 Ne8 19. Bf3 Bxf3 20. Nxf3 Rxd1 21. Rxd1 Rd8 22. Rxd8 Qxd8 23. g3 f6 24. Qe2 Kf7 25. b4 Be7 26. Nd4 Qd7 27. Nc2 Qc6 28. Qd3 Nd6 29. Ne3 Qf3 30. Qc2 Ne4 31. Be1 h5 32. Ng2 g5 33. h4 f5 34. hxg5 Bxg5 35. c5 bxc5 36. bxc5 Bd8 37. c6 Bc7 38. Qa4 Nd6 39. Qxa7 Qxc6 40. Qe3 Ne4 41. Qh6 Nf6 42. Nh4 Bd8 43. Bb4 Ke8 44. Ng6 Qc7 45. Qf8+ Kd7 46. Qf7+ Kc6 47. Qxe6+ Kb5 48. Be7 Bxe7 49. Nxe7 Qc3 50. Qxf5+ Ka4 51. Nd5 Qe1+ 52. Kg2 Ng4 53. Qf3 Ne5 54. Qb3+ Ka5 55. Qb6+ Ka4 56. Qa6+ 1-0

[Event "French Top 16-A 2024"]
[Site "Chartres"]
[Date "2024.06.01"]
[Round "1.15"]
[White "Barbot, Pierre"]
[Black "Flom, Gabriel"]
[Result "1-0"]
[ECO "E68"]
[WhiteElo "2425"]
[BlackElo "2431"]
[Annotator "RC"]
[PlyCount "113"]
[EventDate "2024.06.01"]
[EventType "team-tourn"]
[EventCountry "FRA"]
[SourceTitle "playchess.com"]
[Source "ChessBase"]
[SourceQuality "1"]
[TimeControl "40/5400+30:1800+30"]

1. d4 Nf6 2. c4 g6 3. g3 Bg7 4. Bg2 O-O 5. Nc3 d6 6. Nf3 Nbd7 7. O-O e5 8. e4 exd4 9. Nxd4 Re8 10. h3 Nc5 11. Re1 h6 12. f3 Nfd7 13. Be3 Ne5 14. b3 Ned3 15. Rf1 f5 16. Qd2 fxe4 17. Nxe4 Nxe4 18. fxe4 Nc5 19. Bxh6 Nxe4 20. Bxe4 Rxe4 21. Bxg7 Kxg7 22. Nf3 Bxh3 23. Ng5 Bxf1 24. Nxe4 Bh3 25. Re1 Bf5 26. Qd4+ Kf7 27. Rf1 Kg8 28. Qd5+ Kg7 29. g4 Bxe4 30. Rf7+ Kg8 31. Qe6 Qh4 32. Rf2+ Kg7 33. Qf7+ Kh6 34. Rh2 Qxh2+ 35. Kxh2 Bc6 36. Qxc7 Kg5 37. Kg3 Re8 38. Qa5+ Kf6 39. Qxa7 Re4 40. Qf2+ Ke7 41. Qb2 Re3+ 42. Kf2 Re5 43. b4 Ke6 44. b5 Be4 45. Qd4 Bc2 46. Qb6 Rc5 47. Qxb7 Rxc4 48. b6 Be4 49. Qb8 Ke5 50. b7 Rc2+ 51. Ke1 Rc1+ 52. Kd2 Rc2+ 53. Kd1 Rxa2 54. Qh8+ Kf4 55. b8=Q Kxg4 56. Qxd6 g5 57. Qe6+ 1-0

[Event "French Top 16-A 2024"]
[Site "Chartres"]
[Date "2024.06.01"]
[Round "1.15"]
[White "Lemonnier, Remi"]
[Black "Mathieu, Phileas"]
[Result "0-1"]
[ECO "D00"]
[WhiteElo "2022"]
[BlackElo "2302"]
[Annotator "RC"]
[PlyCount "96"]
[EventDate "2024.06.01"]
[EventType "team-tourn"]
[EventCountry "FRA"]
[SourceTitle "playchess.com"]
[Source "ChessBase"]
[SourceQuality "1"]
[TimeControl "40/5400+30:1800+30"]

1. d4 Nf6 2. Nc3 d5 3. Bf4 a6 4. e3 c5 5. dxc5 Nc6 6. a3 e5 7. Bg5 Be6 8. b4 Be7 9. Nf3 O-O 10. Be2 Qc7 11. O-O Rad8 12. Qb1 h6 13. Bh4 g5 14. Bg3 Ne4 15. Qb2 Nxg3 16. hxg3 Bf6 17. e4 d4 18. Na4 Bg7 19. Nd2 f5 20. Nb6 Qf7 21. Nbc4 fxe4 22. Nd6 Rxd6 23. cxd6 d3 24. Bd1 Nd4 25. cxd3 exd3 26. Ne4 Bd5 27. Nc3 Bc6 28. Rb1 Kh8 29. Qd2 e4 30. a4 b5 31. axb5 axb5 32. d7 Qxd7 33. Re1 Qb7 34. Bg4 Nc2 35. Rf1 Na3 36. Rbd1 Nc4 37. Qc1 Qe7 38. f3 d2 39. Rxd2 Nxd2 40. Qxd2 e3 41. Qc2 Qxb4 42. Ne4 Bd5 43. Rd1 Bb3 44. Qb1 e2 45. Re1 Qd4+ 46. Kh2 Qd1 47. Nf2 Qxb1 48. Rxb1 Bc3 0-1

[Event "French Top 16-A 2024"]
[Site "Chartres"]
[Date "2024.06.01"]
[Round "1.16"]
[White "Benitah, Yohan"]
[Black "Hirth, Julien"]
[Result "0-1"]
[ECO "A58"]
[WhiteElo "2342"]
[BlackElo "2063"]
[Annotator "RC"]
[PlyCount "54"]
[EventDate "2024.06.01"]
[EventType "team-tourn"]
[EventCountry "FRA"]
[SourceTitle "playchess.com"]
[Source "ChessBase"]
[SourceQuality "1"]
[TimeControl "40/5400+30:1800+30"]

1. d4 Nf6 2. c4 c5 3. d5 b5 4. cxb5 a6 5. bxa6 e6 6. dxe6 fxe6 7. g3 Be7 8. Bg2 d5 9. Nf3 Nc6 10. O-O O-O 11. Nc3 Bxa6 12. b3 h6 13. Bb2 Qe8 14. Re1 d4 15. Na4 Rd8 16. Ba3 Qh5 17. h3 Ne4 18. Qc1 Nxf2 19. Kxf2 Bg5 20. g4 Qh4+ 21. Kg1 Rxf3 22. exf3 Bxc1 23. Raxc1 d3 24. Rcd1 d2 25. Re3 Nd4 26. Bxc5 Ne2+ 27. Kh2 Qg3+ 0-1

[Event "French Top 16-A 2024"]
[Site "Chartres"]
[Date "2024.06.01"]
[Round "1.16"]
[White "Delorme, Laurie"]
[Black "Milliet, Sophie"]
[Result "0-1"]
[ECO "E46"]
[WhiteElo "2075"]
[BlackElo "2385"]
[Annotator "RC"]
[PlyCount "84"]
[EventDate "2024.06.01"]
[EventType "team-tourn"]
[EventCountry "FRA"]
[SourceTitle "playchess.com"]
[Source "ChessBase"]
[SourceQuality "1"]
[TimeControl "40/5400+30:1800+30"]

1. d4 Nf6 2. c4 e6 3. Nc3 Bb4 4. e3 O-O 5. Bd2 Re8 6. Nf3 d6 7. a3 Bxc3 8. Bxc3 Ne4 9. Qc2 Nxc3 10. Qxc3 a5 11. Bd3 Nd7 12. Qc2 h6 13. g4 Qf6 14. Be4 d5 15. cxd5 exd5 16. Bxd5 Nb6 17. Be4 Rxe4 18. Qxe4 Be6 19. Nd2 Bd5 20. Qf5 Qxf5 21. gxf5 Bxh1 22. f3 Bg2 23. Kf2 Bh3 24. e4 Rd8 25. Kg3 Bxf5 26. exf5 Rxd4 27. Nb3 Rd5 28. Rc1 c6 29. Nc5 Rxf5 30. Nxb7 Rg5+ 31. Kf2 Rb5 32. Rxc6 Rxb2+ 33. Kg3 a4 34. Na5 Nd5 35. Rc5 Ne3 36. Kf4 Re2 37. Nc4 g5+ 38. Ke4 Nxc4+ 39. Kd3 Re3+ 40. Kxc4 Rxa3 41. Kb4 Rxf3 42. Kxa4 Rf2 0-1

[Event "French Top 16-A 2024"]
[Site "Chartres"]
[Date "2024.06.01"]
[Round "2.1"]
[White "Erigaisi Arjun"]
[Black "Kunin, Vitaly"]
[Result "1-0"]
[ECO "C41"]
[WhiteElo "2762"]
[BlackElo "2525"]
[Annotator "TA"]
[PlyCount "55"]
[EventDate "2024.06.01"]
[EventType "team-tourn"]
[EventCountry "FRA"]
[SourceTitle "playchess.com"]
[Source "ChessBase"]
[SourceQuality "1"]
[TimeControl "40/5400+30:1800+30"]

1. e4 e5 2. Nf3 d6 3. d4 exd4 4. Qxd4 a6 5. Bg5 Nc6 6. Qe3 Be7 7. Nc3 Bxg5 8. Nxg5 {[%emt 0:00:47][%cal Bf3g5,Bg5h3,Bh3f4][%mdl 32] White has an edge.} h6 9. Nh3 Nf6 10. Nf4 O-O 11. O-O-O b5 12. f3 b4 13. Nce2 {[%emt 0:00:30] White is more active.} Ne5 14. g4 c5 15. h4 Qa5 (15... a5 $16 {keeps fighting.}) 16. Kb1 $18 d5 (16... Kh8 $142 17. Ng3 (17. Rxd6 $2 Nc4 $19) 17... Ng8) 17. g5 ({Don't take} 17. Nxd5 Rd8 18. Nef4 Nxd5 19. exd5 (19. Nxd5 Be6 $16) (19. Rxd5 Bb7 $16) 19... Qc7 $18) (17. exd5 Nc4 18. Qb3 Nd6 $14) 17... d4 18. Qf2 Nh7 19. gxh6 {[%emt 0:00:31] Strongly threatening Qg3.} g6 20. Qg3 {[%emt 0:02:36][%cal Of4g6] Black must now prevent Nxg6!} Re8 21. Rg1 Kh8 22. Nc1 Bb7 $2 (22... Ra7 23. Be2 Qb6) 23. Ncd3 {[%emt 0:01:50] Intending Nxe5 and mate.} Nc6 {[%emt 0:09:45] [#]} 24. Nxg6+ $1 {[%emt 0:02:31][%mdl 512] White mates.} fxg6 25. Nf4 Ne5 26. Nxg6+ Nxg6 27. Qxg6 Rg8 {[%emt 0:01:32] [#]} 28. Qg7+ $3 {[%emt 0:00:06][%mdl 33280] Weighted Error Value: White=0.04 (flawless) /Black=0.51.  Mistake:       	---       	Black=3      Inaccurate:     	---       	Black=3      OK:         	White=9     	Black=7      Best:        	White=3     	---       . Loss on time!?} 1-0

[Event "French Top 16-A 2024"]
[Site "Chartres"]
[Date "2024.06.01"]
[Round "2.1"]
[White "Pichot, Alan"]
[Black "Amin, Bassem"]
[Result "1-0"]
[ECO "C54"]
[WhiteElo "2635"]
[BlackElo "2683"]
[Annotator "TA"]
[PlyCount "69"]
[EventDate "2024.06.01"]
[EventType "team-tourn"]
[EventCountry "FRA"]
[SourceTitle "playchess.com"]
[Source "ChessBase"]
[SourceQuality "1"]
[TimeControl "40/5400+30:1800+30"]

1. e4 e5 2. Nf3 Nc6 3. Bc4 Bc5 4. d3 Nf6 5. c3 a6 6. O-O d6 7. Bg5 {[%emt 0:01:37] 7.Re1 is setting a new trend. C54: Giuoco Piano: 4 c3 Nf6, main lines with 5 d4 and 5 d3.} h6 8. Bh4 Ba7 9. a4 Qe7 10. Nbd2 g5 11. Bg3 Nh7 12. b4 Nf8 13. b5 Na5 14. Bd5 (14. bxa6 $11 bxa6 15. d4) 14... c6 (14... Ng6 $15) 15. Ba2 ({White should try} 15. bxc6 $14 bxc6 16. Ba2) 15... Ng6 $11 16. Kh1 h5 17. h4 $146 (17. h3 $1 $11 {keeps the balance.}) ({Predecessor:} 17. h3 g4 18. Ng1 gxh3 19. gxh3 h4 20. Bh2 Rg8 21. Rb1 Qg5 22. Ndf3 Qf6 23. bxa6 bxa6 {1-0 Firouzja,A (2777)-Tabatabaei,M (2689) Julius Baer Play In rapid 2023 (8.2)}) 17... gxh4 $17 (17... Nxh4 $6 18. Bxh4 gxh4 19. Rb1 $11) 18. Bh2 Bb6 (18... axb5 19. Ng1 (19. axb5 h3 $15)) (18... cxb5 $6 19. axb5 axb5 (19... h3 20. bxa6 hxg2+ 21. Kxg2 $16) 20. Bd5 $11) ({Black should play} 18... h3 $17 {...hxg2+ would now be deadly.} 19. g3 axb5 (19... cxb5 20. axb5 axb5 21. Qb1 $15)) 19. Qb1 Rb8 20. d4 h3 21. g3 O-O (21... Bg4 $17) 22. Nh4 $11 Qf6 (22... Nxh4 23. gxh4 Kh8 24. Re1 $15) (22... Kh8 $11) 23. f4 $14 Nxh4 24. gxh4 exd4 25. f5 $1 dxc3 26. Nf3 cxb5 {[%emt 0:00:00] [#]} (26... Bd7 $16) 27. Ng5 $1 $18 b4 (27... Bd7 $6 28. Qd1 Nc4 (28... bxa4 29. Qxh5 Qg7 30. f6) 29. Bg1) 28. Qd1 (28. Qxb4 Bc5 29. Qb1 (29. Qxa5 $2 b6 $19) 29... b5 30. axb5 Rxb5 $16 (30... axb5 31. Bd5 $15)) 28... b3 29. Bxb3 Nxb3 30. Qxb3 Bc5 {[%emt 0:00:44] [#]} ({Don't play} 30... Be3 31. Rad1 Bc5 32. Bf4 $16) (30... Bd4 $16) 31. Rg1 $1 $18 Kh8 $2 ({Don't go for} 31... Bxg1 $2 32. Rxg1 Re8 33. Nxf7+ Kh7 34. Rg6 $18) (31... Bd7) 32. Qd1 $1 $18 Qh6 33. Bf4 c2 34. Qf3 Bxg1 35. Rxg1 1-0

[Event "French Top 16-A 2024"]
[Site "Chartres"]
[Date "2024.06.01"]
[Round "2.2"]
[White "Van Wely, Loek"]
[Black "Ter-Sahakyan, Samvel"]
[Result "1/2-1/2"]
[ECO "E16"]
[WhiteElo "2608"]
[BlackElo "2652"]
[Annotator "TA"]
[PlyCount "149"]
[EventDate "2024.06.01"]
[EventType "team-tourn"]
[EventCountry "FRA"]
[SourceTitle "playchess.com"]
[Source "ChessBase"]
[SourceQuality "1"]
[TimeControl "40/5400+30:1800+30"]

1. d4 Nf6 2. c4 e6 3. g3 d5 4. Bg2 Bb4+ 5. Nd2 O-O 6. Ngf3 b6 7. O-O Bb7 8. Ne5 Nc6 9. cxd5 Nxe5 10. dxe5 Nxd5 11. Nf3 Be7 12. a3 b5 13. Qd4 h5 14. g4 c5 15. Qe4 Qa5 16. Ng5 Bxg5 17. Bxg5 Qa4 18. Qxa4 bxa4 19. gxh5 Ba6 20. Rfe1 Rab8 21. e4 Nb6 22. Be7 Rfc8 23. Bd6 Rb7 24. Rac1 Bd3 25. Re3 c4 26. f4 Kh7 27. Bf3 Rd8 28. Bb4 Nd7 29. Be2 Bxe2 30. Rxe2 Nb6 31. Bd6 Rc8 32. Rc3 Rd7 33. Rg2 Rdd8 34. Kf2 Rc6 35. Rcg3 Rg8 36. Ke2 a5 37. Be7 Rcc8 38. Kd2 Nd7 39. Kc3 Rb8 40. Kc2 Rb3 41. Rd2 Rb7 42. Bd6 Rb3 43. Rc3 (43. f5 $18) 43... Rc8 $16 44. Rg2 Kh6 (44... Nb8 $142) 45. f5 $16 Re8 46. fxe6 Rxe6 47. Rxc4 Nxe5 48. Rxa4 Rb7 49. Bf8 (49. Rxa5 Nc4 50. Bf4+ Kh7 $14) 49... f6 50. Kb1 (50. Rxa5 $18 {[%cal Og2g7] has better winning chances. And now Rxg7! would win.} Re8 51. Bb4) 50... Re8 51. Bd6 Re6 52. Bf8 Re8 $1 {[%emt 0:00:25] [#]} 53. Bc5 $1 Nc6 54. Be3+ Kxh5 55. Rc2 Re6 56. Rc5+ g5 57. Bd2 Kg6 58. Be1 Ne5 59. Rcxa5 (59. Raxa5 $2 {perishes.} Nd3 60. Bc3 Nxc5 61. Rxc5 Rh7 $19 (61... Rxe4 62. Rc6 $17)) 59... Nf3 60. Bg3 (60. Bc3 $14) 60... Nd2+ $11 61. Kc2 Nxe4 62. Ra6 Ree7 63. Rb4 Rxb4 64. axb4 Rb7 65. Be1 Rh7 66. Kd3 Rxh2 67. Re6 (67. Kxe4 $5 Re2+ $8 (67... Rxb2 $2 {too greedy.} 68. Bc3 $18) 68. Kd4 Rxe1 69. b5 $11) 67... Nf2+ 68. Kc4 Ng4 69. Bc3 Kf5 $1 70. Re8 (70. Kd5 $14 Rh3 71. Re1) 70... Ne5+ $11 71. Kd5 g4 72. b5 g3 73. Bxe5 fxe5 74. Rxe5+ Kf4 75. Re1 $1 1/2-1/2

[Event "French Top 16-A 2024"]
[Site "Chartres"]
[Date "2024.06.01"]
[Round "2.2"]
[White "Sankalp Gupta"]
[Black "Postny, Evgeny"]
[Result "1/2-1/2"]
[ECO "D02"]
[WhiteElo "2532"]
[BlackElo "2602"]
[Annotator "TA"]
[PlyCount "101"]
[EventDate "2024.06.01"]
[EventType "team-tourn"]
[EventCountry "FRA"]
[SourceTitle "playchess.com"]
[Source "ChessBase"]
[SourceQuality "1"]
[TimeControl "40/5400+30:1800+30"]

1. Nf3 d5 2. g3 c6 3. Bg2 Bg4 4. O-O Nf6 5. d4 e6 6. h3 Bf5 {[%emt 0:02:01] [#]} 7. c4 $1 Be7 (7... h6 8. Nc3) 8. Nc3 h6 9. Qb3 Qb6 10. c5 Qa6 11. Re1 b6 $1 12. cxb6 axb6 13. Ne5 O-O 14. Bf4 Qb7 (14... c5 {feels hotter.} 15. e4 Bxe4 16. Bxe4 c4) 15. Rac1 (15. a3 {simplifies} Ra7 16. e4 dxe4 17. Nxe4 Bxe4 18. Bxe4 Nxe4 19. Rxe4 Bf6 20. Qc2) 15... b5 16. a4 b4 17. e4 dxe4 18. Nxe4 Nd5 19. Nc5 Qa7 {[%emt 0:04:16] [#]} 20. Ncd7 $1 Nxd7 21. Nxc6 Qxa4 22. Bxd5 Bf6 23. Qxa4 Rxa4 24. Bb3 Raa8 25. g4 ({Don't play} 25. Nxb4 Bxd4 26. Nc6 Bf6 $11 (26... Bxb2 27. Ne7+ Kh7 28. Rc7 $14)) 25... Bg6 26. Bd6 ({Much worse is} 26. Nxb4 Bxd4 27. Nc6 Bxb2 28. Ne7+ Kh7) 26... Rfc8 27. Bxb4 Kh7 28. Bd2 Ra6 29. Ne5 Rxc1 30. Bxc1 Nxe5 31. dxe5 Be7 32. Bc4 Ra4 33. b3 Ra2 34. Kg2 Bb4 35. Re2 Ra1 36. Bd2 Be7 37. Re1 Ra2 38. Be3 Bb4 39. Re2 Ra1 40. Bd2 Be7 41. Bc3 Rc1 42. Ba5 Bc5 43. Bd2 Rb1 44. h4 h5 45. gxh5 Bf5 46. Re1 {[%emt 0:00:00] Threatens to win with Rxb1.} Rb2 47. Be3 Bxe3 48. Rxe3 Kh6 49. Rg3 Rb1 50. Bd3 Rxb3 51. Bxf5 {[%emt 0:00:44] Weighted Error Value: White=0.05 (flawless) /Black=0.05 (flawless) .  Inaccurate:     	White=3     	Black=2      OK:         	White=20    	Black=27     Best:        	White=1     	Black=2      Strong:       	---       	Black=1} 1/2-1/2

[Event "French Top 16-A 2024"]
[Site "Chartres"]
[Date "2024.06.01"]
[Round "2.3"]
[White "Ganguly, Surya Shekhar"]
[Black "Laurent-Paoli, Pierre"]
[Result "1-0"]
[ECO "B12"]
[WhiteElo "2576"]
[BlackElo "2576"]
[Annotator "RC"]
[PlyCount "197"]
[EventDate "2024.06.01"]
[EventType "team-tourn"]
[EventCountry "FRA"]
[SourceTitle "playchess.com"]
[Source "ChessBase"]
[SourceQuality "1"]
[TimeControl "40/5400+30:1800+30"]

1. e4 c6 2. d4 d5 3. e5 Bf5 4. Nf3 e6 5. Be2 c5 6. Be3 Qb6 7. Nc3 c4 8. Qc1 Bb4 9. O-O Ne7 10. Nd1 Nbc6 11. b3 cxb3 12. axb3 Ng6 13. c3 Be7 14. b4 Rc8 15. Ne1 Nf8 16. Qd2 Nd7 17. Nd3 a5 18. b5 Na7 19. Nf4 O-O 20. Qa2 Bd8 21. Bd2 f6 22. Ne3 fxe5 23. dxe5 Nxe5 24. Nexd5 exd5 25. Qxd5+ Kh8 26. Qxe5 Bc7 27. Qd4 Rfd8 28. Qxb6 Bxb6 29. Be3 Bxe3 30. fxe3 Rxc3 31. Rxa5 Nc8 32. b6 g6 33. Nd5 Rc6 34. Bf3 Be6 35. Ra8 Bxd5 36. Rd1 Kg7 37. Bxd5 Rcd6 38. Rc1 Nxb6 39. Rxd8 Rxd8 40. Bxb7 Rd7 41. Bf3 Re7 42. Kf2 Nd7 43. h4 Ne5 44. Be2 h6 45. Ra1 Rb7 46. Ra5 Kf6 47. Ra6+ Kf7 48. h5 gxh5 49. Bxh5+ Kg7 50. Re6 Rb5 51. Kg3 Nd3 52. Rg6+ Kh7 53. Kh4 Ne5 54. Re6 Kg7 55. Be2 Ra5 56. Kg3 Ng6 57. Bd3 Rg5+ 58. Kf2 Ne5 59. Be4 Ng4+ 60. Ke2 Ne5 61. Kd2 h5 62. Kc3 Kf7 63. Bd5 Ng4 64. Kd4 Nf6 65. Re5+ Kg6 66. Bf7+ Kh6 67. Rxg5 Kxg5 68. e4 h4 69. Be6 Nh5 70. e5 Nf4 71. Bh3 Kg6 72. Kc5 Kf7 73. Kd6 Ng6 74. Bg4 Ne7 75. Kd7 Kf8 76. Ke6 Nc6 77. Kf6 Ne7 78. Kg5 Kg7 79. e6 Ng6 80. Bh3 Ne5 81. Kxh4 Kf6 82. Kh5 Nd3 83. g3 Nf2 84. Kh4 Ne4 85. Bg4 Nd6 86. Kh3 Nc4 87. Kg2 Nd6 88. Kf3 Ke5 89. Bh3 Nc8 90. g4 Ne7 91. g5 Ng6 92. Kg3 Ne7 93. Kh4 Nd5 94. Kh5 Kd6 95. Kh6 Ke7 96. g6 Kf8 97. g7+ Kg8 98. e7 Nxe7 99. Be6# 1-0

[Event "French Top 16-A 2024"]
[Site "Chartres"]
[Date "2024.06.01"]
[Round "2.3"]
[White "Fedorchuk, Sergey A."]
[Black "Van Foreest, Jorden"]
[Result "1/2-1/2"]
[ECO "B31"]
[WhiteElo "2546"]
[BlackElo "2665"]
[Annotator "TA"]
[PlyCount "118"]
[EventDate "2024.06.01"]
[EventType "team-tourn"]
[EventCountry "FRA"]
[SourceTitle "playchess.com"]
[Source "ChessBase"]
[SourceQuality "1"]
[TimeControl "40/5400+30:1800+30"]

1. e4 c5 2. Nf3 Nc6 3. Bb5 g6 4. Bxc6 dxc6 5. d3 Qc7 6. Nbd2 e5 7. Nc4 b5 8. Ne3 {[%emt 0:00:30] White has an edge.} ({Don't play} 8. Ncxe5 f6 9. Bf4 Bd6 $17 (9... fxe5 $2 {too greedy.} 10. Bxe5 Qe7 11. Bxh8 $18)) 8... f5 (8... Bg7 $11 {feels stronger.}) 9. c4 (9. exf5 $16 {And now 0-0 would win.} gxf5 10. Nh4) 9... f4 $11 10. Nf1 Nh6 11. Qc2 Nf7 12. N1d2 a6 13. b3 Be7 14. Bb2 g5 (14... Be6 $15) 15. h3 Be6 16. cxb5 axb5 17. a4 Qd6 18. Ke2 O-O 19. Rhc1 h5 20. Ba3 $1 g4 21. hxg4 hxg4 {[%emt 0:00:05] [#] White must now prevent ...b4.} 22. Nh2 b4 23. Bb2 Kg7 {[%emt 0:00:19] Strongly threatening ...Rh8.} 24. Rh1 Rh8 {[%emt 0:00:09] Hoping for ...Rh5.} 25. Rag1 Bf6 26. Nc4 Qc7 27. Nf1 Rad8 28. Nfd2 (28. Rxh8 {simplifies} Rxh8 29. Nfd2 Bc8 30. Qb1) 28... Bc8 29. Qb1 Ba6 30. Rxh8 Nxh8 31. f3 g3 32. Rh1 Nf7 33. Qa1 Qd7 34. Qb1 Kg6 35. Ba1 Qc8 36. Qg1 Qd7 37. Qb1 Qe7 38. Bb2 Re8 39. Qa1 Ng5 (39... Qd7 $11) 40. Kd1 (40. a5 $14) 40... Qc7 41. Kc2 Re7 (41... Nf7 $1 $11) 42. Rd1 (42. Qg1 $14) 42... Re8 43. Rh1 Qg7 (43... Re7 $11) 44. Nd6 {[%emt 0:00:00] Excellent horsemanship.} Rh8 45. Rxh8 (45. Qg1 {looks sharper.} Ne6 46. N2c4 Nd4+ 47. Bxd4 cxd4 48. Nb6) 45... Qxh8 46. Qg1 ({Better is} 46. N6c4 $16) 46... Ne6 47. N2c4 Nd4+ (47... Qh2 $5 48. Qf1 $8 Qh5 $15) 48. Bxd4 cxd4 49. Kd2 Bd8 50. Qc1 c5 (50... Bc7 $5) 51. Ke2 Bc7 52. Nf5 Qh2 53. Qf1 Kf6 {[%emt 0:00:00] Inhibits Ne7.} 54. Ke1 Bc8 55. Ke2 Be6 56. Nd2 Bf7 57. Nc4 Qh8 58. Qc1 Qh2 59. Qf1 Qh8 {[%emt 0:00:00] Weighted Error Value: White=0.13 (very precise) /Black=0.11 (very precise) .  Mistake:       	White=4     	Black=5      Inaccurate:     	White=7     	Black=6      OK:         	White=22    	Black=22     Best:        	White=2     	Black=3      Strong:       	White=1     	---} 1/2-1/2

[Event "French Top 16-A 2024"]
[Site "Chartres"]
[Date "2024.06.01"]
[Round "2.4"]
[White "Albornoz Cabrera, Carlos Daniel"]
[Black "Bailet, Pierre"]
[Result "1/2-1/2"]
[ECO "C65"]
[WhiteElo "2612"]
[BlackElo "2492"]
[Annotator "TA"]
[PlyCount "122"]
[EventDate "2024.06.01"]
[EventType "team-tourn"]
[EventCountry "FRA"]
[SourceTitle "playchess.com"]
[Source "ChessBase"]
[SourceQuality "1"]
[TimeControl "40/5400+30:1800+30"]

1. e4 e5 2. Nf3 Nc6 3. Bb5 Nf6 4. d3 Bc5 5. O-O Nd4 6. Nxd4 Bxd4 7. c3 {[%emt 0:00:04] C65: Ruy Lopez: Berlin Defence (3...Nf6), unusual lines and 4 0-0 Bc5.} Bb6 8. Ba4 c6 9. Na3 d6 10. Bc2 O-O {[%emt 0:05:58] 10...0-0 was played by the boomers.} 11. Bg5 h6 12. Bh4 g5 13. Bg3 Bg4 14. Qd2 Be6 $146 ({Predecessor:} 14... Nh5 15. Nc4 Bc7 16. d4 Qe7 17. Ne3 Bd7 18. Rad1 Rad8 19. Qe2 Nf4 20. Qf3 Qf6 {1-0 So,W (2765)-Navara,D (2738) Saint Louis Champions Showdown rapid 2019 (2.3)}) 15. Bd1 Nd7 16. d4 Qf6 17. Nc2 d5 18. exd5 cxd5 19. dxe5 Nxe5 20. Bxe5 Qxe5 21. Re1 Qf6 22. Nd4 a5 23. Bc2 Bxd4 24. cxd4 Rfc8 25. Re5 Rc4 26. Bd3 (26. Rf1 {is more complex.} Qf4 27. Qd3 Kf8 28. Rd1) 26... Rb4 (26... Rxd4 $6 27. Bh7+ Kxh7 28. Qxd4 $16) 27. a3 Rb6 (27... Rxd4 $2 28. Bh7+ Kxh7 29. Qxd4 $18) 28. Rc1 (28. Rae1 $14 {is superior.}) 28... Rc6 29. Rxc6 bxc6 30. Qc3 Rb8 31. Bc2 (31. Qxa5 Rxb2 32. Qe1 Kg7 $17) 31... c5 (31... Kg7 $11 {keeps the balance.}) 32. dxc5 $16 (32. Qxc5 $2 Rc8 (32... Rxb2 33. Qc3 $11) 33. Qxa5 Rxc2 $19) 32... Rb5 {[%emt 0:00:12] [#]} 33. Bd3 $1 Rxc5 34. Rxg5+ (34. Qxc5 Qxe5 35. Qc3 d4 $11) 34... Qxg5 35. Qxc5 Qd2 36. Qc3 Qd1+ 37. Bf1 Bf5 38. Qf3 (38. Qxa5 $2 {perishes.} Bd3 39. h3 Bxf1 $19 (39... Qxf1+ $2 40. Kh2 $19)) 38... Qxf3 39. gxf3 Kf8 40. Bb5 Ke7 41. Kf1 Kd6 42. Ke2 Kc5 $1 43. Bd3 Bd7 44. Ke3 d4+ 45. Kd2 f6 46. f4 Be6 47. h4 Bd7 48. Bb1 Be6 49. Bc2 Bd7 50. Bb3 Bf5 51. Bf7 Bd7 52. Bg6 Bb5 53. Bf5 Bc4 54. Bd7 Ba6 55. b3 Bb7 56. Bf5 Bd5 57. Bc2 Be6 58. Bd1 Bf5 59. Be2 Be6 60. Bd1 Bf5 61. Bc2 Be6 1/2-1/2

[Event "French Top 16-A 2024"]
[Site "Chartres"]
[Date "2024.06.01"]
[Round "2.4"]
[White "Gharamian, Tigran"]
[Black "Grigoryan, Karen H."]
[Result "0-1"]
[ECO "B53"]
[WhiteElo "2588"]
[BlackElo "2583"]
[Annotator "TA"]
[PlyCount "100"]
[EventDate "2024.06.01"]
[EventType "team-tourn"]
[EventCountry "FRA"]
[SourceTitle "playchess.com"]
[Source "ChessBase"]
[SourceQuality "1"]
[TimeControl "40/5400+30:1800+30"]

1. e4 c5 2. Nf3 d6 3. d4 cxd4 4. Qxd4 Nc6 5. Qe3 g6 6. Nc3 Bh6 7. Qd3 Bxc1 8. Rxc1 {[%emt 0:00:05] The position is equal.} Nf6 9. h3 O-O 10. Be2 Be6 11. O-O Qb6 12. a3 Ne5 (12... Qxb2 $2 13. Na4 Qa2 14. Ra1 $18) 13. Nxe5 dxe5 14. Qb5 Qxb5 15. Bxb5 Rac8 16. Bd3 a6 17. Rfd1 Rc6 18. Rd2 Rfc8 19. Nd1 Nd7 20. Ne3 Nc5 {[%emt 0:00:47][%cal Oc5b3] Threatens to win with ...Nb3!} 21. Rcd1 Rd6 22. f3 Rcd8 $1 23. Kf2 b5 24. Ke2 Na4 {[%emt 0:04:15] Black is more active.} 25. c4 bxc4 26. Bxc4 {[%emt 0:02:10] [#]} (26. Nxc4 $2 {too greedy.} Rxd3 27. Nxe5 Rxd2+ 28. Rxd2 Rxd2+ 29. Kxd2 Nxb2 $19) 26... Nxb2 $1 27. Rxb2 Bxc4+ 28. Ke1 Rxd1+ 29. Nxd1 $17 {[%emt 0:00:05][%mdl 4096] Endgame. KRB-KRN} Rd3 30. Rb4 (30. Rb8+ $142 Kg7 31. Nb2) 30... Be6 $1 31. a4 Rd4 32. Rb8+ Kg7 33. Nb2 Bd7 34. Rb7 Bxa4 35. Rxe7 Kf6 36. Rb7 Bb5 37. Nd1 (37. h4 $17) 37... Rd7 $1 $19 38. Rb6+ {[%emt 0:00:35] [#]} Kg5 $1 39. Nf2 (39. Nc3 {was necessary.} Kf4 40. h4 (40. Nxb5 axb5 41. h4 Ra7 $15)) 39... Kf4 40. Ng4 Kg3 41. Nxe5 Re7 42. Ng4 f5 ({Don't take} 42... Kxg2 43. Nf6 $19) 43. Ne3 fxe4 44. Rf6 a5 45. fxe4 Rxe4 46. Rf3+ {[%emt 0:00:07] [#]} Kh2 (46... Kh4 $142 $1 47. Kf2 Rd4) 47. Kf2 {[%emt 0:06:32][%cal Oh3h4] h4! is the strong threat.} Rb4 ({Black should play} 47... h5 $19 {White must now prevent ...Ra4.} 48. h4 Rxh4) 48. Rf6 $2 (48. Ng4+ $17 {nothing else works.} Kh1 49. Ra3) 48... Rb2+ {[%emt 0:01:23] Black is clearly winning.} 49. Kf3 a4 50. Rd6 Be2+ {[%emt 0:00:51] Weighted Error Value: White=0.29 (precise) /Black=0.11 (very precise) .  Loses game:     	White=1     	---        Mistake:       	White=3     	Black=2      Inaccurate:     	White=2     	Black=1      OK:         	White=16    	Black=22     Best:        	White=5     	Black=2      Strong:       	---       	Black=3      Brilliant:      	---       	Black=1} 0-1